 Dungeon Crawl Stone Soup version bcrawl-1.37 (webtiles) character file.

Game seed: 13024000417705669828

155858 Earthwalker the Gusty (level 5, -2/28 HPs)
             Began as an Avariel Air Elementalist on Oct 3, 2022.
             Slain by Edmund
             ... wielding a +0 dire flail of protection
              (8 damage)
             ... on level 4 of the Dungeon.
             The game lasted 00:25:34 (2498 turns).

Earthwalker the Gusty (Avariel Air Elementalist)    Turns: 2498, Time: 00:25:34

Health: -2/28      AC:  5    Str:  6    XL:     5   Next: 64%
Magic:  0/22       EV: 12    Int: 22    God:
Gold:   241        SH:  0    Dex: 13    Spells: 11/12 levels left

rFire    . . .     GDR:     25% l - +4 dagger
rCold    . . .     SeeInvis .   (no shield)
rNeg     . . .     Gourm    .   v - +0 leather armour
rPois    .         Faith    .   k - +0 helmet
rElec    .         Spirit   +   (no cloak)
rCorr    +         Reflect  .   (no gloves)
MR       .....                  b - +0 pair of boots
Stlth    ++........             f - amulet of guardian spirit
HPRegen  0.09/turn              A - ring of magical power
MPRegen  0.18/turn              s - ring of resist corrosion

@: no status effects
A: no striking features
a: no special abilities


You were on level 4 of the Dungeon.
You were hungry.

You visited 1 branch of the dungeon, and saw 4 of its levels.

You collected 241 gold pieces.

Inventory:

Hand Weapons
 d - a +0 club
 g - a +0 club
 h - a +0 club
 j - a +0 whip
 l - a +4 dagger (weapon)
 q - a +0 club
 J - a +0 blowgun
Missiles
 m - 675 stones (quivered)
 p - 656 arrows
 D - 29 poisoned needles
Armour
 a - a +0 robe
 b - a +0 pair of boots (worn)
 k - a +0 helmet (worn)
 v - a +0 leather armour (worn)
 w - a +0 ring mail
 x - a +3 chain mail of cold resistance
 z - a cursed +0 helmet
Jewellery
 f - an amulet of guardian spirit (around neck)
 s - a ring of resist corrosion (right hand)
 A - a ring of magical power (left hand)
 H - an uncursed ring of magical power
Scrolls
 i - a scroll of enchant armour {unknown}
 y - a scroll of teleportation
 E - a scroll of remove curse
Potions
 c - 3 potions of flight
 n - 2 potions of berserk rage
 o - 3 potions of curing {unknown}
 r - a potion of agility {unknown}
 t - 4 potions of heal wounds {unknown}
 u - a potion of mutation {unknown}
 B - a potion of invisibility {unknown}
 G - a potion of haste {unknown}
 I - 2 potions of might {unknown}
Comestibles
 e - 6 rations {!d}


   Skills:
 + Level 0.4 Fighting
 + Level 2.9 Dodging
 + Level 2.5 Stealth
 + Level 4.3 Spellcasting
 + Level 2.8 Conjurations
 + Level 5.8 Air Magic


You had 11 spell levels left.
You knew the following spells:

 Your Spells              Type           Power        Failure   Level  Hunger
a - Shock                 Conj/Air       ###..        2%          1    None

Your spell library contained the following spells:

 Spells                   Type           Power        Failure   Level  Hunger
 Static Discharge         Air            ####....     4%          3    ###....
 Swiftness                Chrm/Air       ###.....     8%          2    None
 Airstrike                Air            ####......   16%         4    #####..
 Lightning Bolt           Conj/Air       ###.......   61%         5    ######.


Dungeon Overview and Level Annotations

Branches:
Dungeon (4/12)
 Temple: D:4-7

Altars:
Yredelemnul

Annotations:
D:4 Edmund


Message History

Edmund barely misses you.
You hit Edmund but do no damage.
Edmund is heavily wounded.
Edmund misses you.
You hit Edmund but do no damage.
Edmund is heavily wounded.
Edmund hits you with a +0 dire flail of protection.
You barely miss Edmund.
Edmund is heavily wounded.
You hit Edmund but do no damage.
Edmund is heavily wounded.
Edmund misses you.
You barely miss Edmund.
Edmund is heavily wounded.
Edmund hits you with a +0 dire flail of protection.
* * * LOW HITPOINT WARNING * * *
You hit Edmund.
Edmund is heavily wounded.
Edmund hits you with a +0 dire flail of protection!
You die...

.......#......# .#######......#
...,,.........# **#####*********
...,*###......#***......,,,,,,,,*
....+,*#......#,,,......,,,,,,,,*
....*,*#......#+##......,,,,,,,,*
....*,*######...........,,,,,,,,*
##+**,* #...........,,,,,,,,*
**,**,******#...@@......,,,,,,,,*
**,**,**,,,,#....=......,,,,,,,,*
**,**,**,,,,#...........,,,,,,,,*
**,**,**,,,,#......#####*********
,,,,*,**,,,,#......#**********
**,,*,**,,,,###.....,,,,,,,,,*
,,,,*,,,,,,,,,.......,,,,,,,,*
**,***********##......,,,,,,,*
,,,,,,,,,,,,,,,,,,,,,,,,,,,,,*


You could see Edmund.

Vanquished Creatures
  A scorpion (D:3)
  An iguana (D:4)
  A worker ant (D:4)
  An adder (D:4)
  An ooze (D:2)
  An adder skeleton (D:2)
  2 worms
  A dart slug (D:1)
  2 leopard geckos (D:1)
  2 orcs (D:3)
  2 ball pythons (D:2)
  4 giant cockroaches
  7 goblins
  9 hobgoblins
  4 jackals
  8 kobolds
  3 quokkas
  A bat (D:3)
  4 frilled lizards
  2 quokka skeletons (D:3)
  6 rats (D:1)
63 creatures vanquished.

Notes
Turn   | Place    | Note
-------+----------+-------------------------------------------
     0 | D:1      | Earthwalker the Avariel Air Elementalist began the quest
                  | for the Orb.
     0 | D:1      | Reached XP level 1. HP: 10/10 MP: 6/6
    96 | D:1      | Reached XP level 2. HP: 15/15 MP: 1/7
   509 | D:1      | Reached XP level 3. HP: 16/19 MP: 0/9
   513 | D:1      | Reached skill level 5 in Air Magic
  1289 | D:2      | Reached XP level 4. HP: 22/24 MP: 11/11
  1784 | D:3      | Reached XP level 5. HP: 28/28 MP: 12/12
  1979 | D:3      | Noticed an ogre
  2063 | D:4      | Found a basalt altar of Yredelemnul.
  2462 | D:4      | Noticed Edmund
  2498 | D:4      | Slain by Edmund

Skill      XL: |  1  2  3  4  5 |
---------------+----------------+-----
Spellcasting   | 3 4 |  4.3
Air Magic      | 5 |  5.8
Conjurations   | 2 |  2.8
Fighting       | |  0.4
Dodging        | |  2.9
Stealth        | |  2.5

Action                   |  1- 3 |  4- 6 || total
-------------------------+-------+-------++-------
Melee: Dagger            |    12 |    22 ||    34
 Cast: Shock             |    70 |    75 ||   145
  Use: Scroll            |     6 |     7 ||    13
  Eat: Ration            |     1 |     1 ||     2
Armor: Robe              |    11 |       ||    11
       Leather armour    |       |     9 ||     9
Dodge: Dodged            |    28 |    28 ||    56
